 Dungeon Crawl Stone Soup version 0.30-a0-924-g0ad0bf95bc (webtiles) character file.

Game seed: 11922894964930368308

14 Iich the Trooper (level 2, 0/24 HPs)
             Began as a Demonspawn Fighter on Mar 22, 2023.
             Slain by a gnoll
             ... wielding a +0 spear
              (8 damage)
             ... on level 1 of the Dungeon.
             The game lasted 00:01:18 (559 turns).

Iich the Trooper (Demonspawn Fighter)                Turns: 559, Time: 00:01:19

Health: 0/24       AC:  6    Str: 16    XL:     2   Next: 31%
Magic:  2/2        EV:  8    Int:  9    God:
Gold:   8          SH:  4    Dex: 12    Spells: 1/1 levels left

rFire   . . .      SeeInvis .    a - +0 war axe
rCold   . . .      Faith    .    c - +0 buckler
rNeg    . . .      Spirit   .    b - +0 scale mail
rPois   .          Reflect  .    (no helmet)
rElec   .          Rampage  .    (no cloak)
rCorr   .                        (no gloves)
Will    .....                    (no boots) Stlth
                                 (no amulet)
HPRegen 0.24/turn                (no ring)
MPRegen 0.08/turn                (no ring)

@: mighty
A: powered by death 1
a: no special abilities


You were on level 1 of the Dungeon.
You visited 1 branch of the dungeon, and saw 1 of its levels.

You collected 8 gold pieces.

Inventory:

Hand Weapons
 a - a +0 war axe (weapon)
Armour
 b - a +0 scale mail (worn)
 c - a +0 buckler (worn)
Scrolls
 e - a scroll of identify {unknown}


   Skills:
 + Level 3.2 Fighting
 * Level 2.4 Axes
 - Level 2.6 Armour
 - Level 2.6 Shields


You had one spell level left.
You didn't know any spells.
Your spell library contained the following spells:

 Spells                   Type           Power      Damage    Failure   Level
 Static Discharge         Conj/Air       0%         2-2/arc   96%         2
 Vhi's Electric Charge    Tloc/Air       0%         N/A       99%         3
 Arcjolt                  Conj/Air       0%         1d10      100%        5
 Plasma Beam              Fire/Air       0%         2x1d11    100%        5


Dungeon Overview and Level Annotations

Branches:
Dungeon (1/15)

Altars:


Innate Abilities, Weirdness & Mutations

You regenerate a little health from kills.


Message History

The dart slug closely misses you. The endoplasm hits you.
You take 2 damage, and have 22/24 hp.
You slash the dart slug!
You kill the dart slug!
You hit the endoplasm but do no damage. The endoplasm barely misses you.
You slash the endoplasm!
You kill the endoplasm!
No target in view!
No target in view!
HP restored.
The gnoll shouts!
Health restored: 24 The gnoll hits you but does no damage.
The gnoll barely misses you.
You hit the gnoll but do no damage.
A hobgoblin comes into view.
The gnoll completely misses you.
The hobgoblin shouts!
You hit the gnoll.
The gnoll is lightly wounded.
The gnoll hits you with a +0 spear. x2
You take 8 damage, and have 16/24 hp. !!!!--MASSIVE DAMAGE--!!!!
You closely miss the gnoll.
The gnoll is lightly wounded.
The gnoll hits you with a +0 spear.
* * * LOW HITPOINT WARNING * * *
You take 6 damage, and have 10/24 hp. !!!!--MASSIVE DAMAGE--!!!!
Unknown command.
You closely miss the hobgoblin. You hit the gnoll.
The hobgoblin barely misses you. The gnoll hits you with a +0 spear.
* * * LOW HITPOINT WARNING * * *
You take 1 damage, and have 9/24 hp.
You feel very mighty all of a sudden. You block the gnoll's attack.
The hobgoblin barely misses you.
You barely miss the hobgoblin. You closely miss the gnoll.
The gnoll hits you with a +0 spear.
* * * LOW HITPOINT WARNING * * *
The hobgoblin hits you but does no damage.
The gnoll hits you with a +0 spear!
You die...

,,*,***,,,......#.##..##.##....,*
,*,,*,,,,,,.#..##.##..........#**
,*,,,,,,,,,..#.##.##.)..........,
,,,*,*,*,*,#.#.##.#...........#.*
,,,*,*,*,*,#...............)....*
,,,*,*,*,*,#.###..##.......[...#*
,,,*,*,*,#,#.###..#............#
,,,*,#.#.#.#..##g..............#*
,,,,,.......)..g@..#...........,,
,,,,,....####......#..........**,
,,,,,........................,***
,,,,,,...###.......#........,,*
,***,*,****#........########*****
,*,,,*,,,,............,,,,,,,,,,,
,*,,,***,#.##......####**********
,,,,,,,,,..*####.$.# ,***,,,*,.**
*####


You could see a gnoll and a hobgoblin.

Vanquished Creatures
  A dart slug (D:1)
  An endoplasm (D:1)
  A giant cockroach (D:1)
  4 jackals (D:1)
  2 kobolds (D:1)
  A ball python (D:1)
10 creatures vanquished.

Notes
Turn   | Place    | Note
-------+----------+-------------------------------------------
     0 | D:1      | Iich the Demonspawn Fighter began the quest for the Orb.
     0 | D:1      | Reached XP level 1. HP: 18/18 MP: 1/1
   232 | D:1      | Gained mutation: You regenerate a little health from kills.
                  | [demonic ancestry]
   232 | D:1      | Reached XP level 2. HP: 18/24 MP: 2/2
   559 | D:1      | Slain by a gnoll

Illustrated notes

Levels and vault maps discovered:
D:1:      mrwooster_arrival_arrow, layout_rooms, serial_corexii_hall,
          corexii_hall_statues_x, chequers_hall_statues_y,
          hangedman_abyss_or_decor_lesser_grid, minmay_misc_feat_rows,
          minmay_pentomino_v4

Skill      XL: |  1 |
---------------+----+-----
Axes           | 2 |  2.4
Fighting       | |  3.2
Armour         | |  2.6
Shields        | |  2.6

Action                     || total
---------------------------++-------
  Melee: War axe           ||    25
    Use: Scroll            ||     2
         Potion            ||     1
 Armour: Scale mail        ||    23
  Dodge: Dodged            ||    17
  Block: Buckler           ||    10

Table legend: (Time is in decaauts)
 A = Elapsed time spent in this place.
 B = Non-inter-level travel time spent in this place.
 C = Inter-level travel time spent in this place.
 D = Time resting spent in this place.
 E = Time spent auto-exploring this place.
 F = Levels seen in this place.
 G = Mean time per level.
                   A        B        C        D        E       F      G
               +--------+--------+--------+--------+--------+-----+--------+
         Total |    569 |    569 |      0 |    264 |    224 |   1 |  569.0 |
       Dungeon |    569 |    569 |      0 |    264 |    224 |   1 |  569.0 |
               +--------+--------+--------+--------+--------+-----+--------+

Top non-repeatable levels by time:
     D:1: 569 daAuts
